 Dungeon Crawl Stone Soup version 0.23-a0-8-gb809bb7 (webtiles) character file.

6706 Kuinu the Fighter (level 10, -8/97 HPs)
             Began as a Purple Draconian Berserker on Aug 1, 2018.
             Was a High Priest of Trog.
             Mangled by an orc warlord
             ... wielding a +0 bardiche
              (38 damage)
             ... in a bailey.
             The game lasted 00:17:35 (7668 turns).

Kuinu the Fighter (Purple Draconian Berserker)      Turns: 7668, Time: 00:17:35

Health: -8/97      AC:  7    Str: 24    XL:     10   Next: 74%
Magic:  10/10      EV: 11    Int:  8    God:    Trog [*****.]
Gold:   468        SH: 14    Dex: 13    Spells: 9/9 levels left

rFire    . . .     SeeInvis .   a - +0 falchion
rCold    . . .     Gourm    +   d - +2 large shield
rNeg     + . .     Faith    .   (armour unavailable)
rPois    .         Spirit   .   (helmet restricted)
rElec    .         Reflect  .   (no cloak)
rCorr    .         Harm     .   (no gloves)
MR       +....                  (no boots)
Stlth    +.........             q - amulet of the gourmand
HPRegen  0.26/turn              g - +4 ring of strength
MPRegen  0.12/turn              j - ring of positive energy

@: berserk cooldown, slowed, very slow
A: breathe power, unfitting armour, cold-blooded, AC +7
a: Breathe Dispelling Energy, Berserk, Trog's Hand, Brothers in Arms, Renounce
Religion


You were in a bailey.
You worshipped Trog.
Trog was extremely pleased with you.
You were very full.

You visited 1 branch of the dungeon, and saw 10 of its levels.
You also visited: Sewer and Bailey.

You collected 468 gold pieces.

Inventory:

Hand Weapons
 a - a +0 falchion (weapon)
 n - a +1 dagger of holy wrath
Armour
 d - a +2 large shield (worn)
Jewellery
 g - a +4 ring of strength (left hand)
 j - a ring of positive energy (right hand)
 q - an amulet of the gourmand (around neck)
 t - an uncursed ring of magical power
 D - a +2 ring of strength
Wands
 B - a wand of flame (27)
 C - a wand of acid (8)
 H - a wand of scattershot (7)
 I - a wand of disintegration (19)
Scrolls
 c - 8 scrolls of identify {unknown}
 f - 6 scrolls of blinking {unknown}
 h - 2 scrolls of enchant armour {unknown}
 o - a scroll of magic mapping {unknown}
 p - a scroll of amnesia {unknown}
 r - 3 scrolls of remove curse {unknown}
 v - a scroll of random uselessness {unknown}
 x - 3 scrolls of teleportation {unknown}
 y - a scroll of fear {unknown}
 G - a scroll of summoning {unknown}
Potions
 e - a potion of invisibility {unknown}
 i - a potion of lignification {unknown}
 k - 7 potions of heal wounds {unknown}
 l - a potion of mutation {unknown}
 m - 8 potions of curing {unknown}
 s - 5 potions of resistance {unknown}
 u - 3 potions of flight {unknown}
 w - 4 potions of magic {unknown}
 z - 4 potions of might {unknown}
 A - 3 potions of brilliance {unknown}
 E - a potion of berserk rage {unknown}
Comestibles
 b - 14 rations
 F - 17 chunks of flesh


   Skills:
 * Level 11.7 Fighting
 * Level 10.8 Long Blades
 + Level 7.3 Dodging


You had 9 spell levels left.
You didn't know any spells.
Your spell library was empty.

Dungeon Overview and Level Annotations

Branches:
Dungeon (10/15)            Temple (0/1) D:5
   Lair: D:8-11         Orc: D:9-12

Altars:
Ashenzari
Cheibriados
Dithmenos
Elyvilon
Fedhas
Hepliaklqana
Makhleb
Nemelex Xobeh
Ru
Trog
Uskayaw
Xom
Zin


Innate Abilities, Weirdness & Mutations

You can breathe bolts of dispelling energy.
Your rich purple scales are hard. (AC +7)
You cannot fit into any form of body armour.
You are cold-blooded and may be slowed by cold attacks.


Message History

The orc warlord hits you from afar with a bardiche!!
You slash the orc warrior!
The orc warrior is almost dead.
You closely miss the orc warrior.
The orc warrior is almost dead.
The orc warrior hits you with a war axe!
* * * LOW HITPOINT WARNING * * *
You are too berserk!
The orc warrior no longer looks unusually strong.
You feel a strong urge to attack something.
You are no longer berserk.
You are exhausted.
You feel yourself slow down.
The orc no longer looks unusually strong.
The orc warrior no longer looks unusually strong.
The orc warlord roars a battlecry!
The orcs go into a battle-frenzy!
There is a fountain of clear blue water here.
The orc warlord hits you from afar with a bardiche!!!
You die...

#...).).....#
#.....)..)))#
##.......).###
.###.....#)#.###
...###.###.)...###
.... ###.........##
..... #8..........#
....o.#8......o...#
....o.)..o.og.o.@∩#
....oo#8..........#
..... #8..........#
.... ###.........##
...###.###)))..###
.###.....#)#.###
##.........###
#...........#
#...........#


You could see an orc warlord, 3 orc warriors and a goblin.

Vanquished Creatures
  3 two-headed ogres
  Sigmund (D:5)
  A human (D:7)
  4 hogs (D:7)
  7 orc warriors (Bailey)
  2 black bears
  2 ice beasts
  2 sky beasts (D:8)
  2 phantoms (D:6)
  A hornet zombie (D:7)
  3 ogres
  7 centaurs
  3 bullfrogs
  A big kobold (D:7)
  A scorpion (D:4)
  3 killer bees (D:8)
  A howler monkey (D:4)
  2 crimson imps
  A centaur zombie (D:7)
  3 bullfrog zombies
  4 hounds
  4 jellies
  An orc priest (D:9)
  A centaur skeleton (D:9)
  An iguana (D:7)
  5 orc wizards
  2 worker ants
  2 hound zombies
  A howler monkey zombie (D:6)
  16 gnolls
  12 adders
  2 river rats (D:5)
  A shadow imp (D:8)
  An ooze (D:4)
  4 adder skeletons
  5 worms
  A dart slug (D:2)
  6 leopard geckos
  32 orcs
  4 bats
  6 giant cockroaches
  18 goblins
  19 hobgoblins
  9 jackals
  20 kobolds
  7 quokkas
  7 ball pythons
  3 frilled lizards
  A leopard gecko skeleton (D:8)
  11 rats
  2 plants (Sewer)
258 creatures vanquished.

Vanquished Creatures (others)
  A plant (Sewer)
1 creature vanquished.

Grand Total: 259 creatures vanquished

Notes
Turn   | Place    | Note
-------+----------+-------------------------------------------
     0 | D:1      | Kuinu the Draconian Berserker began the quest for the Orb.
     0 | D:1      | Reached XP level 1. HP: 19/19 MP: 1/1
     1 | D:1      | Noticed an electric eel
   240 | D:1      | Reached XP level 2. HP: 26/26 MP: 2/2
   645 | D:2      | Found a shattered altar of Ashenzari.
   740 | D:2      | Reached XP level 3. HP: 21/33 MP: 3/3
   744 | D:2      | Reached skill level 4 in Fighting
   795 | D:2      | Noticed a centaur
   804 | D:2      | Killed a centaur
   804 | D:2      | Reached XP level 4. HP: 38/41 MP: 4/4
  1131 | D:2      | Found a hazy altar of Hepliaklqana.
  1255 | D:3      | Reached XP level 5. HP: 44/47 MP: 5/5
  1268 | D:3      | Found a sacrificial altar of Ru.
  1359 | D:3      | Reached ** piety under Trog
  1900 | D:4      | Reached skill level 5 in Fighting
  2283 | D:4      | Reached skill level 5 in Long Blades
  2283 | D:4      | Reached XP level 6. HP: 56/56 MP: 6/6
  2700 | D:5      | Entered Level 5 of the Dungeon
  2782 | D:5      | Reached *** piety under Trog
  2888 | D:5      | Found a hide-covered altar of Uskayaw.
  2894 | D:5      | Found a staircase to the Ecumenical Temple.
  2911 | D:5      | Reached skill level 6 in Fighting
  2959 | D:5      | Found a blossoming altar of Fedhas.
  3091 | D:5      | Your scales start taking on a rich purple colour.
  3091 | D:5      | Reached XP level 7. HP: 64/64 MP: 7/7
  3177 | D:5      | Found a glowing drain.
  3185 | Sewer    | Entered a sewer
  3885 | D:5      | Noticed Sigmund
  3898 | D:5      | Killed Sigmund
  3973 | D:5      | Reached skill level 7 in Fighting
  4006 | D:5      | Found a faded altar of an unknown god.
  4006 | D:5      | Found a bloodstained altar of Trog.
  4011 | D:5      | Found a shadowy altar of Dithmenos.
  4013 | D:5      | Found a shimmering altar of Xom.
  4014 | D:5      | Found a burning altar of Makhleb.
  4102 | D:5      | Found a white marble altar of Elyvilon.
  4113 | D:5      | Found a sparkling altar of Nemelex Xobeh.
  4165 | D:6      | Reached **** piety under Trog
  4227 | D:6      | Reached XP level 8. HP: 73/73 MP: 8/8
  4735 | D:6      | Reached skill level 8 in Fighting
  4735 | D:6      | Reached skill level 5 in Dodging
  5019 | D:7      | Reached XP level 9. HP: 82/82 MP: 9/9
  5021 | D:7      | Reached skill level 9 in Fighting
  5116 | D:7      | Found a shattered altar of Ashenzari.
  5590 | D:8      | Found a glowing silver altar of Zin.
  5608 | D:8      | Noticed a two-headed ogre
  5618 | D:8      | Killed a two-headed ogre
  5618 | D:8      | Reached skill level 10 in Fighting
  5910 | D:8      | Reached XP level 10. HP: 94/94 MP: 10/10
  6162 | D:8      | Noticed a two-headed ogre
  6171 | D:8      | Killed a two-headed ogre
  6181 | D:8      | Reached skill level 10 in Long Blades
  6496 | D:9      | Noticed a two-headed ogre
  6503 | D:9      | Killed a two-headed ogre
  6503 | D:9      | Reached skill level 11 in Fighting
  6730 | D:9      | Found a white marble altar of Elyvilon.
  6753 | D:9      | Found a snail-covered altar of Cheibriados.
  7029 | D:10     | Entered Level 10 of the Dungeon
  7085 | D:10     | Found a flagged portal.
  7092 | Bailey   | Entered a bailey
  7162 | Bailey   | Reached ***** piety under Trog
  7629 | Bailey   | Noticed an orc warlord
  7668 | Bailey   | Mangled by an orc warlord

Vault maps used:
D:1:      arrival_aquarium_a
D:2:      lemuel_coloured_pillars_altar, ashenzari_conservatory_becter
D:3:      nicolae_ru_path_of_blood
D:4:      first_ration
D:5:      kennysheep_mini, chequers_temple_overflow_minitemple,
          kennysheep_little_box, amethyst_overflow_temple_binary,
          minmay_temple_entry_poolview, portal_sewer_entry_e, st_stairs_9,
          minmay_misc_feat_doors, uniq_sigmund
D:7:      grunt_livestock, hangedman_decor_clover_reticule, ashenzari_altar_1
D:8:      nicolae_overflow_hidden_temple, nrook_mini_vaults
D:9:      lemuel_doored_altar, basic_altar
D:10:     enter_bailey_2, special_room, evilmike_minifort
Sewer:    sewer_co_scattered_pipes
Bailey:   bailey_axe_minmay_hex_keep, bailey

Skill      XL: |  1  2  3  4  5  6  7  8  9 10 |
---------------+-------------------------------+-----
Dodging        | 3 4 5 6 7 |  7.3
Fighting       | 4 5 6 7 8 10 11 | 11.7
Long Blades    | 4 5 6 8 9 10 | 10.8

Action                   |  1- 3 |  4- 6 |  7- 9 | 10-12 || total
-------------------------+-------+-------+-------+-------++-------
Melee: Falchion          |    71 |   185 |   457 |   281 ||   994
       Tailslap          |    13 |    34 |    83 |    46 ||   176
Invok: Berserk           |     2 |     4 |     9 |    10 ||    25
       Trog's Hand       |       |     1 |     4 |     4 ||     9
 Abil: Breathe Dispellin |       |       |     2 |       ||     2
 Stab: Sleeping          |       |     1 |     1 |       ||     2
  Eat: Chunk             |       |    20 |    24 |    17 ||    61
Armor: Skin              |    27 |    51 |    97 |    33 ||   208
Dodge: Dodged            |    20 |    57 |   124 |    85 ||   286
Block: Large shield      |    74 |   163 |   328 |   183 ||   748
       Rpst.: Falchion   |     8 |    14 |    38 |    28 ||    88

Table legend:
 A = Spawn XP
 B = Non-spawn XP
 C = Spawn XP percentage of total XP
 D = Spawn monster count
 E = Non-spawn monster count
 F = Spawn count percentage of total count
 G = Total turns spent on level
                    A         B        C        D         E        F      G
               +---------+---------+-------+---------+---------+-------+---------
         Total |       0 |    9581 |   0.0 |       0 |     256 |   0.0 |  7668
               +---------+---------+-------+---------+---------+-------+---------
           D:1 |       0 |      33 |   0.0 |       0 |      12 |   0.0 |   622
           D:2 |       0 |     162 |   0.0 |       0 |      12 |   0.0 |   623
           D:3 |       0 |      59 |   0.0 |       0 |      30 |   0.0 |   646
           D:4 |       0 |     197 |   0.0 |       0 |      11 |   0.0 |   809
           D:5 |       0 |     876 |   0.0 |       0 |      27 |   0.0 |   827
           D:6 |       0 |     642 |   0.0 |       0 |      11 |   0.0 |   816
           D:7 |       0 |    1882 |   0.0 |       0 |      27 |   0.0 |   563
           D:8 |       0 |    2677 |   0.0 |       0 |      23 |   0.0 |   754
           D:9 |       0 |    1412 |   0.0 |       0 |      16 |   0.0 |   740
          D:10 |       0 |     342 |   0.0 |       0 |       4 |   0.0 |    63
         Sewer |       0 |      70 |   0.0 |       0 |      22 |   0.0 |   629
        Bailey |       0 |    1229 |   0.0 |       0 |      61 |   0.0 |   576
               +---------+---------+-------+---------+---------+-------+---------
